AoeStats
← Adrianca019

Black Forest

508317115Analyzed
4v4 RM · 10d ago on Sep 21, 2026· 74m 4s· 8 players
Game mode
Random Map
Map size
Large (8 player)
Population
200
Speed
Normal
Resources
Standard
Victory
Conquest
Starting age
Dark Age
Ending age
Imperial Age
RankedLock teamsTeams togetherTeam positionsShared explorationLock speedFull tech treeHidden civsTurbo modeCheats
Victory
Defeat
🇦🇷 Vikings · Argentina
845
+13
🇧🇷 Franks · Brazil
832
+14
🇦🇷 Goths · Argentina
822
+14
🇦🇷 Celts · Argentina
725
+19
🇦🇷 Mongols · Argentina
799
-16
🇨🇱 Khmer · Chile
774
-15
🇺🇸 Spanish · United States
773
-15
🇦🇷 Britons · Argentina
762
-14
POL4
2:59 Loom
14:01 Feudal Age
19:35 Castle Age
20:42 Fletching
20:59 Double-Bit Axe
27:54 Horse Collar
29:44 Bow Saw
30:44 Heavy Plow
33:02 Wheelbarrow
32:14 Town Watch
32:22 Gold Mining
32:24 Stone Mining
34:01 Yeomen
34:09 Hand Cart
35:15 Bodkin Arrow
39:40 Imperial Age
37:26 Padded Archer Armor
38:13 Ballistics
38:27 Man-at-Arms
39:16 Caravan
39:48 Heavy Scorpion
39:51 Capped Ram
40:18 Elite Longbowman
41:00 Bracer
40:25 Long Swordsman
41:20 Squires
43:19 Chemistry
42:23 Town Patrol
43:29 Murder Holes
43:06 Two-Handed Swordsman
43:49 Scale Mail Armor
44:52 Leather Archer Armor
46:24 Chain Mail Armor
45:33 Champion
47:38 Plate Mail Armor
51:49 Gambesons
60:55 Conscription
61:11 Conscription
63:23 Forging
72:26 Pikeman
74:11 Iron Casting
D4RKK
0:43 Loom
13:27 Feudal Age
14:44 Horse Collar
14:53 Double-Bit Axe
14:59 Stone Mining
14:59 Gold Mining
18:10 Wheelbarrow
18:51 Padded Archer Armor
22:56 Castle Age
22:02 Padded Archer Armor
22:11 Scale Barding Armor
25:57 Bow Saw
27:03 Caravan
27:23 Heavy Plow
28:15 Leather Archer Armor
36:06 Imperial Age
34:05 Scale Mail Armor
34:20 Forging
34:37 Town Watch
34:21 Pikeman
35:02 Squires
35:06 Husbandry
37:07 Hand Cart
36:32 Elite Conquistador
37:34 Bloodlines
36:45 Cavalier
38:17 Chain Barding Armor
38:36 Ring Archer Armor
38:13 Halberdier
38:44 Arson
42:07 Two-Man Saw
41:44 Stone Shaft Mining
42:55 Guilds
42:27 Paladin
43:50 Plate Barding Armor
43:30 Chain Mail Armor
43:51 Iron Casting
43:06 Fletching
PREDA_JUANK
0:48 Loom
13:55 Feudal Age
18:55 Castle Age
17:37 Double-Bit Axe
17:46 Stone Mining
17:49 Gold Mining
20:11 Bow Saw
22:35 Horse Collar
25:46 Fletching
32:53 Imperial Age
35:43 Ballistics
35:27 Padded Archer Armor
35:29 Scale Mail Armor
37:05 Wheelbarrow
37:16 Leather Archer Armor
38:02 Heavy Plow
38:55 Double Crossbow
40:23 Chemistry
41:10 Heavy Scorpion
43:30 Elite Ballista Elephant
45:50 Man-at-Arms
51:42 Bodkin Arrow
52:17 Ring Archer Armor
Adrianca019
3:13 Loom
13:27 Feudal Age
15:58 Double-Bit Axe
19:55 Castle Age
18:23 Horse Collar
18:34 Stone Mining
19:20 Gold Mining
20:52 Bow Saw
22:26 Stone Shaft Mining
30:16 Heavy Plow
35:15 Imperial Age
33:26 Wheelbarrow
34:24 Thumb Ring
34:31 Bloodlines
34:22 Husbandry
34:44 Ballistics
34:41 Squires
34:27 Arson
35:17 Hand Cart
35:08 Fletching
35:18 Padded Archer Armor
35:24 Scale Barding Armor
35:22 Caravan
35:55 Coinage
36:17 Gold Shaft Mining
36:14 Town Watch
35:52 Elite Mangudai
36:55 Conscription
36:56 Drill
36:34 Onager
37:42 Fortified Wall
38:32 Chemistry
38:06 Parthian Tactics
38:28 Chain Barding Armor
38:09 Bodkin Arrow
38:39 Siege Engineers
39:46 Siege Onager
40:07 Heavy Camel Rider
42:11 Hoardings
43:22 Masonry
43:18 Bracer
43:33 Leather Archer Armor
43:30 Forging
43:21 Scale Mail Armor
51:31 Banking
52:38 Nomads
Eu sou Coringa
0:39 Loom
12:48 Feudal Age
18:39 Castle Age
16:42 Double-Bit Axe
18:17 Horse Collar
31:05 Bow Saw
31:23 Scale Mail Armor
31:33 Forging
31:55 Heavy Plow
32:04 Gold Mining
32:11 Stone Mining
33:10 Anarchy
35:49 Imperial Age
33:55 Wheelbarrow
33:14 Man-at-Arms
35:25 Chain Mail Armor
35:46 Iron Casting
36:22 Caravan
36:45 Perfusion
36:07 Elite Huskarl
36:49 Long Swordsman
37:30 Squires
38:54 Pikeman
39:35 Halberdier
41:57 Hand Cart
48:38 Blast Furnace
54:34 Town Watch
55:05 Scale Barding Armor
55:01 Padded Archer Armor
54:52 Fletching
55:44 Crop Rotation
56:17 Two-Man Saw
67:43 Sanctity
67:49 Illumination
67:27 Devotion
68:02 Theocracy
67:23 Herbal Medicine
67:54 Two-Handed Swordsman
69:21 Champion
duduasz
0:31 Loom
11:41 Feudal Age
13:10 Wheelbarrow
12:21 Town Watch
12:24 Double-Bit Axe
15:05 Gold Mining
16:17 Stone Mining
18:59 Castle Age
19:59 Hand Cart
20:14 Bow Saw
20:09 Caravan
21:24 Gold Shaft Mining
23:01 Hand Cart
31:27 Imperial Age
32:08 Ballistics
31:44 Murder Holes
32:54 Coinage
33:29 Fletching
33:45 Scale Barding Armor
35:38 Chemistry
34:49 Masonry
35:33 Cavalier
36:13 Husbandry
39:58 Banking
39:26 Bodkin Arrow
39:51 Chain Barding Armor
44:30 Hoardings
43:56 Chivalry
44:16 #83
43:17 Elite Throwing Axeman
44:37 Plate Barding Armor
44:13 Forging
48:24 Conscription
47:41 Pikeman
48:48 Siege Engineers
48:53 Fortified Wall
49:43 Heavy Scorpion
49:44 Onager
50:00 Elite Skirmisher
52:04 Iron Casting
51:32 Padded Archer Armor
52:58 Paladin
72:26 Leather Archer Armor
74:02 Blast Furnace
74:31 Conscription
rojocapo
0:52 Loom
13:02 Feudal Age
13:28 Horse Collar
13:37 Double-Bit Axe
17:47 Wheelbarrow
21:44 Castle Age
20:05 Gold Mining
20:57 Stone Mining
22:00 Fletching
23:11 Bow Saw
23:12 Bodkin Arrow
23:43 Heavy Plow
24:36 Stone Shaft Mining
26:25 Forging
30:19 Hand Cart
30:06 Town Watch
35:26 Imperial Age
33:35 Scale Mail Armor
33:32 Stronghold
34:54 Chain Mail Armor
34:02 Pikeman
34:50 Caravan
35:37 Gold Shaft Mining
36:17 Ballistics
36:39 Plate Mail Armor
36:19 Arson
36:37 Town Patrol
38:05 Conscription
39:03 Chemistry
37:42 Halberdier
39:25 Guilds
39:54 Iron Casting
39:17 Murder Holes
40:12 Hoardings
39:47 Gambesons
41:15 Elite Woad Raider
42:41 Treadmill Crane
44:39 Blast Furnace
45:30 Capped Ram
46:32 Furor Celtica
52:03 Siege Ram
72:53 Onager
Ultra cogolloo
0:32 Loom
20:12 Feudal Age
20:44 Double-Bit Axe
21:49 Gold Mining
25:18 Castle Age
24:14 Horse Collar
27:20 Gold Shaft Mining
26:48 Gambesons
27:04 Squires
26:29 Man-at-Arms
26:56 Arson
27:42 Forging
29:22 Bow Saw
35:14 Treadmill Crane
39:46 Imperial Age
37:26 Heavy Plow
37:42 Chieftains
38:16 Ballistics
37:49 Fletching
38:00 Padded Archer Armor
37:34 Elite Skirmisher
38:27 Bodkin Arrow
38:13 Crossbowman
41:39 Chemistry
41:39 Leather Archer Armor
42:36 Bracer
43:06 Ring Archer Armor
42:36 Bracer
43:19 Conscription
45:04 Iron Casting
44:30 Scale Mail Armor
46:25 Elite Berserk
48:49 Chain Mail Armor
49:34 Blast Furnace
53:58 Plate Mail Armor
58:38 Arbalester
Connection lost

Rejoining the realm…

Still unreachable

The connection could not be restored.

Session expired

The server has moved on; the page needs a fresh start.